 Dungeon Crawl Stone Soup version 0.32-a0-960-g3814254bd7 (webtiles) character file.

Game seed: 4313513895486697086

5339 Gadrel the Carver (level 10, -12/91 HPs)
             Began as a Naga Artificer on Apr 17, 2024.
             Was a Believer of Ru.
             Mangled by a komodo dragon (20 damage)
             ... on level 8 of the Dungeon.
             The game lasted 00:31:30 (9244 turns).

Gadrel the Carver (Naga Artificer)                  Turns: 9244, Time: 00:31:30

Health: -12/91     AC: 10    Str: 17    XL:     10   Next: 65%
Magic:  10/10      EV:  9    Int: 12    God:    Ru [**....]
Gold:   268        SH:  9    Dex: 19    Spells: 9/9 levels left

rFire   + . .        a - +3 long sword (vamp)
rCold   + . .        C - +3 buckler {reflect}
rNeg    . . .        A - +2 ring mail {Will+}
rPois   +            B - +0 helmet
rElec   .            j - scarf {rC+ rF+}
rCorr   .            F - +0 pair of gloves
SInv    +            (no barding)
Will    +++..        (no amulet) Stlth
                     z - +6 ring of dexterity
HPRegen 0.35/turn    W - ring of willpower
MPRegen 0.12/turn

%: reflection
@: very slow
A: AC +3, large, see invisible, deformed body, poison resistance, slowness 2,
spit poison 1, no stealth, hated by all, naga tail 1
a: Spit Poison, Renounce Religion


You were on level 8 of the Dungeon.
You worshipped Ru.
Ru was pleased with you.
You visited 1 branch of the dungeon, and saw 8 of its levels.

You collected 734 gold pieces.
You spent 466 gold pieces at shops.

Inventory:

Hand Weapons
 a - a +3 vampiric long sword (weapon)
   (You found it on level 3 of the Dungeon)
 b - a +0 sling
   (You took it off a goblin on level 3 of the Dungeon)
 t - a +1 vampiric short sword
   (You took it off a kobold on level 3 of the Dungeon)
 w - a +0 spear
   (You found it on level 2 of the Dungeon)
Missiles
 n - 4 atropa-tipped darts
 s - 152 stones
 v - 28 poisoned darts
 G - a throwing net {!d}
 H - 6 javelins
 I - a curare-tipped dart
 L - 5 boomerangs
Armour
 j - a scarf of resistance (worn)
   (You found it on level 1 of the Dungeon)
 A - a +2 ring mail of willpower (worn)
   (You found it on level 3 of the Dungeon)
 B - a +0 helmet (worn)
   (You bought it in a shop on level 5 of the Dungeon)
 C - a +3 buckler of reflection (worn)
   (You bought it in a shop on level 5 of the Dungeon)
 F - a +0 pair of gloves (worn)
   (You found it on level 7 of the Dungeon)
 M - +0 acid dragon scales
   (You took it off Maggie on level 8 of the Dungeon)
Jewellery
 c - a ring of ice {rC+, rF-}
   (You found it on level 3 of the Dungeon)
 f - a ring of fire {rF+, rC-}
   (You took it off a hobgoblin on level 4 of the Dungeon)
 z - a +6 ring of dexterity (left hand)
   (You found it on level 3 of the Dungeon)
 W - a ring of willpower (right hand)
   (You took it off a gnoll on level 7 of the Dungeon)
Wands
 d - a wand of iceblast (9)
 e - a wand of charming (15)
 h - a wand of acid (6)
   (You took it off Amaemon on level 8 of the Dungeon)
 p - a wand of paralysis (14)
   (You took it off Ijyb on level 3 of the Dungeon)
 q - a wand of flame (15)
 y - a wand of mindburst (16)
   (You took it off Maggie on level 8 of the Dungeon)
Scrolls
 i - 3 scrolls of enchant armour
 k - 2 scrolls of fog
 l - 2 scrolls of poison
 r - 4 scrolls of revelation
 u - a scroll of enchant weapon
 D - 2 scrolls of blinking {!r}
 E - a scroll of fear
 K - a scroll of immolation {!r}
 O - a scroll of silence
 V - 2 scrolls of vulnerability {!r!r}
Potions
 g - a potion of invisibility {unknown}
 m - a potion of might {unknown}
 o - a potion of mutation {unknown}
 x - a potion of enlightenment
 J - 3 potions of curing {@q1}
 N - a potion of heal wounds {@q2}


   Skills:
 - Level 6.0 Fighting
 + Level 9.0 Long Blades
 - Level 3.7 Armour
 - Level 3.5 Dodging
 + Level 7.3 Shields
 - Level 5.0 Evocations


You had 9 spell levels left.
You didn't know any spells.
Your spell library contained the following spells:

 Spells                   Type           Power      Damage    Failure   Level
 Magic Dart               Conj           0%         1d3       58%         1
 Sandblast                Erth           0%         2d4       58%         1
 Blink                    Tloc           0%         N/A       73%         2
 Passwall                 Erth           0%         N/A       91%         3
 Stone Arrow              Conj/Erth      0%         3d7       91%         3
 Call Imp                 Summ           Unusable   N/A       N/A         2

Dungeon Overview and Level Annotations

Branches:
Dungeon (8/15)             Temple (0/1) D:4
   Lair: D:8-11

Altars:
Ru
Sif Muna
Trog
Wu Jian

Shops:
D:5 ?[[(!   D:6 =([:   D:8 (


Innate Abilities, Weirdness & Mutations

Your serpentine skin is tough. (AC +3)
You have supernaturally acute eyesight. (SInv)
Armour fits poorly on your strangely shaped body.
Your system is resistant to poisons. (rPois)
You cover ground very slowly.
You can spit poison.
You cannot be stealthy.
You are hated by all.
You have a snake-like lower body.


Message History

The komodo dragon bites you.
You take 1 damage, and have 90/91 hp.
You slash the komodo dragon! The komodo dragon bites you!!
You take 23 damage, and have 67/91 hp.
MASSIVE DAMAGE!!
You closely miss the komodo dragon. The komodo dragon bites you.
You take 1 damage, and have 66/91 hp.
You hit the komodo dragon but do no damage.
You have got your breath back.
The komodo dragon bites you but does no damage.
You hit the komodo dragon but do no damage.
The komodo dragon seems to slow down.
Press: ? - help, Shift-Dir - straight line, f/p - komodo dragon
Aim: a komodo dragon (heavily wounded, strong, slow, 74% to hit)
The splash of poison hits the komodo dragon.
The komodo dragon closely misses you.
You hit the komodo dragon.
The komodo dragon seems to speed up.
The komodo dragon is stunned by your conviction and fails to attack.
You hit the komodo dragon. You burn the komodo dragon.
The komodo dragon is stunned by your conviction and fails to attack.
The komodo dragon bites you but does no damage.
You closely miss the komodo dragon. You block the komodo dragon's attack.
You hit the komodo dragon but do no damage.
The komodo dragon bites you!
You take 9 damage, and have 59/91 hp.
You barely miss the komodo dragon.
The komodo dragon bites you but does no damage.
You hit the komodo dragon but do no damage.
The komodo dragon shakes off its lethargy.
The komodo dragon flies into a frenzy!
You have got your breath back.
The komodo dragon bites you!!
* * * LOW HITPOINT WARNING * * *
You take 34 damage, and have 25/91 hp.
MASSIVE DAMAGE!!
Press: ? - help, Shift-Dir - straight line, f/p - komodo dragon
Aim: a komodo dragon (severely wounded, fast, strong, frenzied and wild, 74% to hit)
The splash of poison hits the komodo dragon!
The komodo dragon is poisoned.
You kill the komodo dragon!
Your Long Blades skill increases to level 9!
Search for what [Enter for "long blade", or ? for help]?
As you read the scroll of brand weapon, it crumbles to dust.
Your +3 long sword of chaos thirsts for the lives of mortals!
a - a +3 vampiric long sword (weapon)
You have got your breath back.
There is an open door, spattered with blood here.
Found Vuhizymope's Weapon Shoppe.
Health restored: 91 You now have 221 gold pieces (gained 13).
There is an open door here.
J - 3 potions of curing {@q1} (gained 1)
You now have 239 gold pieces (gained 18).
G - a throwing net {!d} You see here a +2 robe of fire resistance.
Okay, then.
You now have 251 gold pieces (gained 12).
You now have 268 gold pieces (gained 17).
Found a stone staircase leading down.
A komodo dragon comes into view.
The komodo dragon hisses angrily.
The splash of poison hits the komodo dragon but does no damage.
The komodo dragon is poisoned.
You barely miss the komodo dragon.
You have got your breath back.
The komodo dragon bites you!
You take 11 damage, and have 80/91 hp.
You slash the komodo dragon! The komodo dragon bites you!!
You take 23 damage, and have 57/91 hp.
MASSIVE DAMAGE!!
You hit the komodo dragon but do no damage.
The komodo dragon closely misses you.
You hit the komodo dragon. The komodo dragon bites you!
You take 12 damage, and have 46/91 hp.
Press: ? - help, Shift-Dir - straight line, f/p - komodo dragon
Aim: a komodo dragon (moderately wounded, poisoned, 74% to hit)
The splash of poison hits the komodo dragon.
The komodo dragon looks even sicker.
The komodo dragon bites you but does no damage.
You hit the komodo dragon.
You feel better.
The komodo dragon bites you but does no damage.
You regained 3 hp, and now have 49/91 hp.
You hit the komodo dragon.
You feel better. The komodo dragon bites you!
You take 16 damage, and have 33/91 hp.
You hit the komodo dragon.
You feel better. The komodo dragon bites you.
You take 2 damage, and have 31/91 hp.
You hit the komodo dragon but do no damage.
The komodo dragon bites you!!
* * * LOW HITPOINT WARNING * * *
You take 24 damage, and have 7/91 hp.
MASSIVE DAMAGE!!
You hit the komodo dragon but do no damage.
You block the komodo dragon's attack.
You barely miss the komodo dragon. The komodo dragon closely misses you.
You hit the komodo dragon.
You have got your breath back.
The komodo dragon bites you!!
You die...
Ru respects your ultimate sacrifice.

##........# #.
#............## ## #
#.##########.# ###. #.#
######.# ...##.#####......#
.....#..........#
'####...#####..).).#
.......l# ######.#
...∩...@##########.#
#.....................#####
#......###....'............
#....#.####.........#...###
#....#'##....P.P....'.#....
#........P...P..P...#'#)###
..............P...........
####............P........#
#..+.......####.P.......<.


You could see a komodo dragon (poisoned).

Vanquished Creatures
  Amaemon (D:8)
  An orange demon (D:8)
  2 komodo dragons (D:8)
  Maggie (D:8)
  A yak (D:8)
  A steam dragon (D:7)
  A water moccasin (D:5)
  2 ice beasts (D:6)
  2 sky beasts
  2 black bears
  4 ogres
  4 centaurs
  2 phantoms
  3 kobold brigands
  2 bullfrogs
  7 scorpions
  3 wights (D:7)
  3 killer bees (D:8)
  2 howler monkeys
  5 bombardier beetles
  A hound (D:5)
  4 jellies
  2 orc priests
  A sleepcap (D:7)
  Ijyb (D:3)
  A gnoll bouda (D:7)
  Natasha (thrice) (D:3)
  An orc wizard (D:7)
  18 gnolls
  6 adders
  3 white imps
  3 dart slugs
  27 orcs
  8 ball pythons
  4 bats
  6 endoplasms
  2 giant cockroaches
  5 goblins
  8 hobgoblins
  2 jackals (D:2)
  53 kobolds
  3 quokkas
  4 frilled lizards
  3 rats
218 creatures vanquished.

Vanquished Creatures (others)
  A gnoll (D:4)
  An orc (D:6)
2 creatures vanquished.

Grand Total: 220 creatures vanquished

Notes
Turn   | Place    | Note
-------+----------+-------------------------------------------
     0 | D:1      | Gadrel the Naga Artificer began the quest for the Orb.
     0 | D:1      | Reached XP level 1. HP: 18/18 MP: 1/1
   136 | D:1      | Reached skill level 2 in Stealth
   235 | D:1      | Reached XP level 2. HP: 24/25 MP: 2/2
   705 | D:2      | Reached XP level 3. HP: 14/32 MP: 3/3
   793 | D:2      | Found a faded altar of an unknown god.
   834 | D:2      | Reached skill level 3 in Stealth
   887 | D:2      | Prayed at the altar of an unknown god.
   887 | D:2      | Became a worshipper of Ru the Awakened
   892 | D:2      | Gained mutation: You are hated by all. [Ru sacrifice]
   892 | D:2      | Reached * piety under Ru
   892 | D:2      | Reached ** piety under Ru
   939 | D:2      | Reached skill level 2 in Fighting
  1055 | D:2      | Found a bloodstained altar of Trog.
  1312 | D:2      | Reached XP level 4. HP: 38/39 MP: 4/4
  1964 | D:3      | Reached skill level 4 in Stealth
  1964 | D:3      | Reached skill level 4 in Evocations
  2052 | D:3      | Reached XP level 5. HP: 48/48 MP: 5/5
  2060 | D:3      | Reached skill level 3 in Fighting
  2216 | D:3      | Reached skill level 1 in Long Blades
  2366 | D:3      | Reached skill level 2 in Long Blades
  2779 | D:3      | Noticed a kobold brigand
  2811 | D:3      | Killed a kobold brigand
  2812 | D:3      | Reached skill level 3 in Long Blades
  2812 | D:3      | Reached XP level 6. HP: 41/56 MP: 6/6
  2887 | D:3      | Noticed Ijyb
  2914 | D:3      | Killed Ijyb
  3029 | D:3      | Reached skill level 4 in Long Blades
  3086 | D:3      | HP: 14/56 [gnoll/+0 halberd (3)]
  3315 | D:3      | Noticed Natasha
  3323 | D:3      | Killed Natasha
  3392 | D:3      | Reached skill level 4 in Fighting
  3460 | D:3      | Reached XP level 7. HP: 21/64 MP: 7/7
  3775 | D:3      | Noticed Natasha
  3780 | D:3      | Killed Natasha
  3900 | D:3      | Noticed Natasha
  3909 | D:3      | Killed Natasha
  3910 | D:3      | Reached skill level 5 in Long Blades
  3935 | D:4      | Gained mutation: You cannot be stealthy. [Ru sacrifice]
  3935 | D:4      | Reduced skill Stealth to level 0
  3984 | D:4      | Found an ornate altar of the Wu Jian Council.
  4073 | D:4      | Found a staircase to the Ecumenical Temple.
  4628 | D:4      | Found a shimmering blue altar of Sif Muna.
  4641 | D:4      | Reached skill level 6 in Long Blades
  5144 | D:5      | Entered Level 5 of the Dungeon
  5144 | D:5      | Found Cecvuuf's Antique Armour Boutique.
  5152 | D:5      | Bought a glowing buckler for 210 gold pieces
  5157 | D:5      | Bought a helmet for 126 gold pieces
  5162 | D:5      | Gadrel: !ac 6
  5162 | D:5      | beem: 3.67 armour skill per 1 AC for 6 base AC
  5218 | D:4      | Reached XP level 8. HP: 34/73 MP: 8/8
  5323 | D:4      | Reached skill level 2 in Armour
  5323 | D:4      | Reached skill level 1 in Shields
  5568 | D:5      | Found Cosmufi's Distillery.
  5587 | D:5      | Bought a potion of heal wounds for 50 gold pieces
  5587 | D:5      | Bought a potion of degeneration for 10 gold pieces
  5587 | D:5      | Bought a potion of brilliance for 40 gold pieces
  5587 | D:5      | Bought a potion of attraction for 30 gold pieces
  5721 | D:5      | Found Paxah's Magic Scroll Boutique.
  5745 | D:5      | Reached skill level 5 in Fighting
  5745 | D:5      | Reached skill level 2 in Shields
  5745 | D:5      | Reached skill level 5 in Evocations
  5756 | D:5      | Reached skill level 3 in Armour
  5908 | D:5      | Found Plog's Antique Armour Emporium.
  5916 | D:5      | Reached skill level 3 in Shields
  6018 | D:5      | Found Zannipt's Weapon Shoppe.
  6196 | D:6      | Found a bloodstained altar of Trog.
  6266 | D:6      | Found Tyimeot's Antique Armour Shop.
  6329 | D:6      | Reached skill level 4 in Shields
  6329 | D:6      | Reached XP level 9. HP: 81/81 MP: 9/9
  6404 | D:6      | Found Inlellu's Weapon Boutique.
  6589 | D:6      | Reached skill level 5 in Shields
  6641 | D:6      | Found Zosiykenk's One-of-a-Kind Rings.
  6740 | D:6      | Found Ulirgh's Book Boutique.
  6778 | D:6      | Found a sacrificial altar of Ru.
  6856 | D:6      | Reached skill level 7 in Long Blades
  7389 | D:7      | Reached skill level 8 in Long Blades
  8161 | D:8      | Reached skill level 6 in Fighting
  8252 | D:8      | Noticed Maggie
  8271 | D:8      | Killed Maggie
  8272 | D:8      | Reached skill level 6 in Shields
  8272 | D:8      | Reached skill level 2 in Dodging
  8272 | D:8      | Reached XP level 10. HP: 59/91 MP: 10/10
  8403 | D:8      | Reached skill level 3 in Dodging
  8544 | D:8      | Noticed Amaemon
  8553 | D:8      | Noticed an orange demon
  8763 | D:8      | Killed Amaemon
  8764 | D:8      | Reached skill level 7 in Shields
  8770 | D:8      | Killed an orange demon
  8770 | D:8      | HP: 14/91 [poisoned by orange demon (concentrated venom)]
  8976 | D:8      | Reached skill level 9 in Long Blades
  9171 | D:8      | Found Vuhizymope's Weapon Shoppe.
  9241 | D:8      | HP: 7/91 [komodo dragon (25)]
  9244 | D:8      | Mangled by a komodo dragon

Illustrated notes

Levels and vault maps discovered:
D:1:      dpeg_arrival_stone_temple_mockup, layout_basic, minivault_25,
          dk_noncrumbling_3, grunt_decor_arrowhead
D:2:      layout_basic, shapermc_ecumenical_altar_flowoftime, basic_altar,
          minmay_tall_x
D:3:      minmay_goblin_kobold_castle, layout_loops_corners, uniq_ijyb,
          uniq_natasha
D:4:      cheibrodos_pilgrimage, layout_layer_cave, mainiacjoe_overflow_paths,
          nicolae_overflow_crystal_walls, minmay_temple_entry_butterflies
D:5:      layout_cave_pools, fedhas_ov_isle_minmay, serial_column_ruins,
          column_ruins_pillar_2, column_ruins_pillar_7, column_ruins_pillar_2,
          column_ruins_pillar_1, column_ruins_pillar_9, column_ruins_pillar_4,
          column_ruins_pillar_7, column_ruins_pillar_5, column_ruins_pillar_3,
          column_ruins_pillar_2, column_ruins_pillar_1, serial_shops,
          shop_coins, shop, nicolae_shop_stone,
          nicolae_shop_bloodbath_and_beyond,
          nicolae_shop_competitors_out_of_business, kennysheep_generic_room_7
D:6:      layout_loops_corners, nicolae_ru_path_of_blood,
          overflow_temple_1_default, nicolae_overflow_hidden_temple,
          serial_shops, shop, shop, nicolae_shop_behind_doors,
          nicolae_shop_unique_rings, st_stairs_4
D:7:      layout_loops_ring
D:8:      layout_basic, grunt_lair_entry_orc_guard_hut, serial_shops, shop,
          chequers_serial_rivers_micro_b, chequers_jeans, uniq_maggie,
          uniq_amaemon

Skill      XL: |  1  2  3  4  5  6  7  8  9 10 |
---------------+-------------------------------+-----
Stealth        | 2 3 4 0 |  0.0
Fighting       | 2 3 4 5 6 |  6.0
Evocations     | 4 5 |  5.0
Long Blades    | 3 4 6 8 9 |  9.0
Armour         | 3 |  3.7
Shields        | 4 6 7 |  7.3
Dodging        | 2 3 |  3.5

Action                     |  1- 3 |  4- 6 |  7- 9 | 10-12 || total
---------------------------+-------+-------+-------+-------++-------
  Melee: Club              |    53 |       |       |       ||    53
         Short sword       |       |   236 |   176 |       ||   412
         Spear             |       |     8 |       |       ||     8
         Long sword        |       |       |   160 |    75 ||   235
   Fire: Sling             |       |     2 |       |       ||     2
 Invoke: Sacrifice Love    |     1 |       |       |       ||     1
         Sacrifice Stealth |       |       |     1 |       ||     1
         Reject Sacrifices |       |       |     1 |       ||     1
Ability: Spit Poison       |    31 |    71 |    90 |    22 ||   214
  Evoke: Wand              |       |       |       |     1 ||     1
    Use: Scroll            |     3 |     2 |     8 |     4 ||    17
         Potion            |       |     1 |       |     1 ||     2
   Stab: Sleeping          |     1 |       |       |       ||     1
         Invisible         |       |     1 |     4 |       ||     5
         Distracted        |       |       |     3 |       ||     3
         Confused          |       |       |     1 |       ||     1
         Paralysed         |       |       |       |     1 ||     1
 Armour: Leather armour    |    40 |    29 |       |       ||    69
         Chain mail        |       |    27 |       |       ||    27
         Ring mail         |       |   172 |   227 |    66 ||   465
  Dodge: Dodged            |    28 |   108 |   112 |    20 ||   268
  Block: Buckler           |       |       |    76 |    26 ||   102
         Reflection        |       |       |     6 |       ||     6

Table legend: (Time is in decaauts)
 A = Elapsed time spent in this place.
 B = Non-inter-level travel time spent in this place.
 C = Inter-level travel time spent in this place.
 D = Time resting spent in this place.
 E = Time spent auto-exploring this place.
 F = Levels seen in this place.
 G = Mean time per level.
                   A        B        C        D        E       F      G
               +--------+--------+--------+--------+--------+-----+--------+
         Total |  11515 |  10808 |    707 |    602 |   8223 |   8 | 1439.4 |
       Dungeon |  11515 |  10808 |    707 |    602 |   8223 |   8 | 1439.4 |
               +--------+--------+--------+--------+--------+-----+--------+

Top non-repeatable levels by time:
     D:3: 2778 daAuts
     D:4: 1646 daAuts
     D:6: 1420 daAuts
     D:8: 1265 daAuts
     D:2: 1262 daAuts
     D:7: 1212 daAuts
     D:5: 986 daAuts
     D:1: 943 daAuts

Levels and vault maps discovered:
D:1:      dpeg_arrival_stone_temple_mockup, layout_basic, minivault_25,
          dk_noncrumbling_3, grunt_decor_arrowhead
D:2:      layout_basic, shapermc_ecumenical_altar_flowoftime, basic_altar,
          minmay_tall_x
D:3:      minmay_goblin_kobold_castle, layout_loops_corners, uniq_ijyb,
          uniq_natasha
D:4:      cheibrodos_pilgrimage, layout_layer_cave, mainiacjoe_overflow_paths,
          nicolae_overflow_crystal_walls, minmay_temple_entry_butterflies
D:5:      layout_cave_pools, fedhas_ov_isle_minmay, serial_column_ruins,
          column_ruins_pillar_2, column_ruins_pillar_7, column_ruins_pillar_2,
          column_ruins_pillar_1, column_ruins_pillar_9, column_ruins_pillar_4,
          column_ruins_pillar_7, column_ruins_pillar_5, column_ruins_pillar_3,
          column_ruins_pillar_2, column_ruins_pillar_1, serial_shops,
          shop_coins, shop, nicolae_shop_stone,
          nicolae_shop_bloodbath_and_beyond,
          nicolae_shop_competitors_out_of_business, kennysheep_generic_room_7
D:6:      layout_loops_corners, nicolae_ru_path_of_blood,
          overflow_temple_1_default, nicolae_overflow_hidden_temple,
          serial_shops, shop, shop, nicolae_shop_behind_doors,
          nicolae_shop_unique_rings, st_stairs_4
D:7:      layout_loops_ring
D:8:      layout_basic, grunt_lair_entry_orc_guard_hut, serial_shops, shop,
          chequers_serial_rivers_micro_b, chequers_jeans, uniq_maggie,
          uniq_amaemon

Table legend: (Time is in decaauts)
 A = Elapsed time spent in this place.
 B = Non-inter-level travel time spent in this place.
 C = Inter-level travel time spent in this place.
 D = Time resting spent in this place.
 E = Time spent auto-exploring this place.
 F = Levels seen in this place.
 G = Mean time per level.
                   A        B        C        D        E       F      G
               +--------+--------+--------+--------+--------+-----+--------+
         Total |  11515 |  10808 |    707 |    602 |   8223 |   8 | 1439.4 |
       Dungeon |  11515 |  10808 |    707 |    602 |   8223 |   8 | 1439.4 |
               +--------+--------+--------+--------+--------+-----+--------+

Top non-repeatable levels by time:
     D:3: 2778 daAuts
     D:4: 1646 daAuts
     D:6: 1420 daAuts
     D:8: 1265 daAuts
     D:2: 1262 daAuts
     D:7: 1212 daAuts
     D:5: 986 daAuts
     D:1: 943 daAuts

Table legend:
 A = Kills in this place as a percentage of kills in the entire game.
 B = Kills by you in this place as a percentage of kills by you in the entire game.
 C = Kills by friends in this place as a percentage of kills by friends in the entire game.
 D = Other kills in this place as a percentage of other kills in the entire game.
 E = Experience gained in this place as a percentage of experience gained in the entire game.
 F = Experience gained in this place divided by the number of levels of this place that you have seen.
                   A       B       C       D       E      F
               +-------+-------+-------+-------+-------+----------------------
         Total | 100.0 | 100.0 |   N/A | 100.0 | 100.0 | 953.5
       Dungeon | 100.0 | 100.0 |   N/A | 100.0 | 100.0 | 953.5
               +-------+-------+-------+-------+-------+----------------------
